 Dungeon Crawl Stone Soup version 0.19-a0-1827-g174f941 (webtiles) character file.

474 Amnesiac the Magician (level 6, 0/41 HPs)
             Began as a Mummy Wizard on Oct 7, 2016.
             Slain by Amnesiac's ghost (9 damage)
             ... on level 5 of the Dungeon.
             The game lasted 00:07:20 (2949 turns).

Amnesiac the Magician (Mummy Wizard)                Turns: 2949, Time: 00:07:21

Health: 0/41       AC:  2    Str: 11    XL:     6   Next: 84%
Magic:  15/25      EV: 12    Int: 17    God:
Gold:   58         SH:  0    Dex: 16    Spells: 6 memorised, 6 levels left

rFire  x . .     SeeInvis .     g - +1 long sword (protect)
rCold  + . .     Gourm    .     a - +0 robe
rNeg   + + +     Faith    .     (no shield)
rPois  ∞         Spirit   .     b - +0 hat
rElec  .         Dismiss  .     (no cloak)
rCorr  .         Reflect  .     (no gloves)
MR     .....     Harm     .     (no boots)
Stlth  ++........               (no amulet)
                                k - +4 ring of dexterity
                                j - ring of magical power

@: very slightly contaminated, slowed, repel missiles, very slow
A: no food or potions, fire vulnerability, cold resistance 1, negative energy
resistance 3, torment resistance, unbreathing
a: no special abilities


You were on level 5 of the Dungeon.
You were not hungry.

You visited 1 branch of the dungeon, and saw 5 of its levels.

You collected 58 gold pieces.

Inventory:

Hand Weapons
 g - a +1 long sword of protection (weapon)
Armour
 a - a +0 robe (worn)
 b - a +0 hat (worn)
 l - the +1 ring mail "Ifuloun" {*Slow rElec rPois SInv}
   (You found it on level 4 of the Dungeon)

   It insulates you from electricity.
   It protects you from poison.
   It lets you see invisible.
   It may slow you when you take damage.
Jewellery
 j - a ring of magical power (left hand)
 k - a +4 ring of dexterity (right hand)
Scrolls
 d - 2 scrolls of noise {unknown}
 e - 2 scrolls of blinking {unknown}
 f - 2 scrolls of enchant armour {unknown}
 h - a scroll of fear {unknown}
 i - a scroll of identify {unknown}
 m - a scroll of immolation {unknown}
Books
 c - a book of Minor Magic

   Spells                             Type                      Level
   a - Magic Dart                     Conjuration                  1
   b - Blink                          Translocation                2
   c - Call Imp                       Summoning                    2
   d - Repel Missiles                 Charms/Air                   2
   e - Slow                           Hexes                        2
   f - Conjure Flame                  Conjuration/Fire             3
   g - Mephitic Cloud                 Conjuration/Poison/Air       3


   Skills:
 - Level 1.5 Dodging
 - Level 1.5 Stealth
 + Level 7.0 Spellcasting
 - Level 1.5 Conjurations
 - Level 0.7 Summonings
 - Level 0.7 Translocations


You had 6 spell levels left.
You knew the following spells:

 Your Spells              Type           Power        Failure   Level  Hunger
a - Repel Missiles        Chrm/Air       #.....       21%         2    N/A
b - Blink                 Tloc           N/A          17%         2    N/A
d - Call Imp              Summ           #.......     17%         2    N/A
e - Mephitic Cloud        Conj/Pois/Air  #.......     30%         3    N/A
f - Magic Dart            Conj           ##..         10%         1    N/A
s - Conjure Flame         Conj/Fire      #.......     24%         3    N/A

Dungeon Overview and Level Annotations

Branches:
Dungeon (5/15)
 Temple: D:4-7

Altars:

Annotations:
D:3 exclusion: downstairs
D:5 Amnesiac's ghost, novice OgAM


Innate Abilities, Weirdness & Mutations

You do not eat or drink.
Your flesh is vulnerable to fire.
You are immune to poison.
Your flesh is cold resistant. (rC+)
You are immune to negative energy. (rN+++)
You are immune to unholy pain and torment.
You can survive without breathing.


Message History

Amnesiac's ghost hits you!!
Amnesiac's ghost gestures at you while chanting.
You feel as though you will be slow longer.
You see here a mace.
You are no longer glowing.
Amnesiac's ghost hits you!
* * * LOW HITPOINT WARNING * * *
Casting: Conjure Flame
Confirm with . or Enter, or press ? or * to list all spells.
You blink.
Unknown command.
Casting: Blink
Confirm with . or Enter, or press ? or * to list all spells.
Aiming: Conjure Flame
Press: ? - help, Dir - move target cursor You miscast Conjure Flame.
The air around you burns with energy!
Casting: Conjure Flame
Confirm with . or Enter, or press ? or * to list all spells.
You blink.
Amnesiac's ghost hits you!
You die...

W$#..# ....' #.s.#
#...# #...#
..####..W#
#.(......#
.........# #######
#.##### ######%##
#@W.§.# #.....#
#.####.###.#.#####.#
#....#.# #.#.....<.#
####.#)# #.#######.#
#.#.# #.........#
#W#÷# ###########
#.#.# #.#[# #.#.#


You could see Amnesiac's ghost.

Vanquished Creatures
  Menkaure (D:5)
  A slave (D:5)
  5 orc wizards (D:4)
  An orc priest (D:4)
  2 worker ants (D:4)
  A hound skeleton (D:4)
  4 gnolls (D:4)
  An adder (D:5)
  A dart slug (D:4)
  A leopard gecko (D:3)
  7 orcs
  A giant cockroach (D:4)
  A goblin (D:3)
  A hobgoblin (D:1)
  3 jackals (D:3)
  A quokka (D:3)
  2 bats
  A jackal skeleton (D:4)
  2 rats
37 creatures vanquished.

Vanquished Creatures (collateral kills)
  The ghost of barbarian the Shield-Bearer, a weakling MiFi (D:4)
  A hound (D:4)
  A worker ant (D:4)
  An adder skeleton (D:4)
  A jackal (D:3)
  A rat (D:3)
6 creatures vanquished.

Grand Total: 43 creatures vanquished

Notes
Turn   | Place    | Note
-------+----------+-------------------------------------------
     0 | D:1      | Amnesiac the Mummy Wizard began the quest for the Orb.
     0 | D:1      | Reached XP level 1. HP: 13/13 MP: 4/4
   470 | D:3      | Reached XP level 2. HP: 11/19 MP: 0/6
   474 | D:3      | Learned a level 2 spell: Call Imp
  1187 | D:4      | Noticed barbarian's ghost (weakling MiFi)
  1355 | D:4      | Reached skill level 4 in Spellcasting
  1355 | D:4      | Reached XP level 3. HP: 20/24 MP: 6/8
  1359 | D:4      | Got a brightly glowing ring mail
  1370 | D:4      | Identified the +1 ring mail "Ifuloun" {*Slow rElec rPois SInv} (You found it on level 4 of the Dungeon)
  1399 | D:4      | Learned a level 3 spell: Mephitic Cloud
  1403 | D:4      | Learned a level 3 spell: Conjure Flame
  1540 | D:4      | Reached skill level 1 in Conjurations
  1715 | D:4      | Reached XP level 4. HP: 6/30 MP: 10/10
  1988 | D:4      | Learned a level 2 spell: Repel Missiles
  2164 | D:4      | Reached skill level 5 in Spellcasting
  2182 | D:4      | Reached XP level 5. HP: 27/35 MP: 10/12
  2319 | D:4      | Killed barbarian's ghost
  2419 | D:4      | Reached skill level 6 in Spellcasting
  2419 | D:4      | Reached XP level 6. HP: 31/41 MP: 7/15
  2671 | D:5      | Entered Level 5 of the Dungeon
  2675 | D:5      | Learned a level 2 spell: Blink
  2701 | D:5      | Noticed Menkaure
  2744 | D:5      | Killed Menkaure
  2744 | D:5      | Reached skill level 7 in Spellcasting
  2856 | D:5      | Noticed a slave
  2857 | D:5      | Noticed a slave
  2857 | D:5      | Noticed Amnesiac's ghost (novice OgAM)
  2886 | D:5      | Killed a slave
  2949 | D:5      | Slain by Amnesiac's ghost

Vault maps used:
D:1:      elethiomel_arrival_maze, hangedman_decor_lopped
D:2:      uniq_robin
D:3:      kb_forest_paths, kennysheep_cluttered_room, serial_bayou_pond_b
D:4:      first_bread, grunt_decor_one_mirror
D:5:      nicolae_overflow_crystal_walls, minitemple, uniq_menkaure, uniq_pikel,
          uniq_blork_the_orc

Skill      XL: |  1  2  3  4  5  6 |
---------------+-------------------+-----
Spellcasting   | 4 5 6 7 |  7.0
Conjurations   | 1 |  1.5
Dodging        | |  1.5
Stealth        | |  1.5
Summonings     | |  0.7
Translocations | |  0.7

Action                   |  1- 3 |  4- 6 || total
-------------------------+-------+-------++-------
Melee: Long sword        |    46 |    69 ||   115
       Unarmed           |     7 |       ||     7
 Cast: Magic Dart        |    29 |    17 ||    46
       Call Imp          |    15 |     3 ||    18
       Mephitic Cloud    |       |    13 ||    13
       Conjure Flame     |       |     6 ||     6
       Repel Missiles    |       |     1 ||     1
       Blink             |       |     2 ||     2
 Stab: Sleeping          |     1 |       ||     1
       Distracted        |     1 |       ||     1
       Confused          |       |    10 ||    10
Armor: Robe              |    27 |    18 ||    45
Dodge: Dodged            |    49 |    36 ||    85
       Deflected         |       |     2 ||     2
       Rpst.: Long sword |    15 |     9 ||    24
